Map: Prion Terraces

Players

PiLiPiLi - Winner!

  • Race: Protoss Protoss
  • League: Grandmaster

Vin

  • Race: Zerg Zerg
  • League: Master

VOD

Have the link to the VOD?

Description

Time

  • Played on: Dec. 25, 2015, 5:39 p.m.
  • Length: 7:17
Show
View Real Time Build Order
Export as new Build Order

PiLiPiLi Protoss - Winner!

Build Orders: 1 Gate Expand 

Get SALT Encoding   

  12  0:01  Probe (Chrono Boost)  
  13  0:11  Probe (Chrono Boost)  
  14  0:17  Pylon  
  14  0:22  Probe (Chrono Boost)  
  15  0:36  Probe (Chrono Boost)  
  15  0:38  Gateway  
  16  0:44  Assimilator  
  16  0:46  Probe (Chrono Boost)  
  18  0:57  Probe (Chrono Boost)  
  18  1:07  Probe (Chrono Boost)  
  19  1:18  Nexus  
  19  1:21  Probe (Chrono Boost)  
  20  1:30  Cybernetics Core  
  20  1:33  Probe (Chrono Boost)  
  20  1:38  Assimilator  
  21  1:44  Probe (Chrono Boost)  
  22  1:51  Pylon  
  22  1:55  Probe (Chrono Boost)  
  23  2:08  Warp Gate (Chrono Boost)  
  23  2:09  Probe, Adept (Chrono Boost)  
  26  2:21  Mothership Core  
  28  2:28  Probe  
  28  2:34  Adept (Chrono Boost)  
  31  2:39  Probe  
  31  2:42  Probe  
  31  2:43  Robotics Facility  
  33  2:49  Probe  
  34  2:54  Probe  
  35  3:00  Probe  
  35  3:03  Gateway  
  36  3:06  Probe  
  36  3:10  Probe  
  38  3:13  Gateway  
  38  3:18  Probe  
  39  3:21  Probe  
  40  3:30  Probe  
  40  3:31  Probe  
  40  3:32  Warp Prism (Chrono Boost)  
  40  3:34  Pylon  
  42  3:42  Probe  
  42  3:43  Probe, Robotics Bay  
  44  3:51  Assimilator  
  44  3:55  Probe x2, Assimilator  
  46  3:56  Pylon  
  46  4:07  Probe (Chrono Boost)  
  46  4:09  Adept x3  
  53  4:11  Observer  
  55  4:17  Probe (Chrono Boost)  
  55  4:18  Probe (Chrono Boost)  
  56  4:25  Pylon  
  56  4:27  Disruptor  
  56  4:28  Probe (Chrono Boost)  
  56  4:31  Gravitic Drive (Chrono Boost)  
  60  4:44  Adept  
  60  4:45  Adept x2  
  66  4:59  Disruptor  
  63  5:07  Gateway  
  63  5:09  Gateway  
  63  5:12  Gateway x2  
  57  5:18  Stalker x2  
  57  5:19  Stalker  
  63  5:23  Pylon  
  63  5:25  Pylon  
  63  5:30  Disruptor  
  63  5:32  Pylon  
  66  5:45  Stalker x3  
  72  6:08  Disruptor  
  72  6:16  Stalker x2  
  72  6:17  Stalker  
  81  6:21  Pylon  
  81  6:34  Stalker x4  
  81  6:39  Disruptor, Pylon  
  89  6:42  Pylon  
  92  6:59  Stalker x4  
  92  7:00  Stalker  
  102  7:04  Adept x2  
Show
View Real Time Build Order
Export as new Build Order

Vin Zerg 

Build Orders: Hatch First 

Get SALT Encoding   

  12  0:01  Drone  
  13  0:13  Overlord  
  13  0:17  Drone  
  14  0:31  Drone x2  
  16  0:36  Drone  
  17  0:57  Hatchery  
  17  0:59  Drone  
  17  1:03  Drone  
  18  1:18  Spawning Pool  
  17  1:19  Extractor  
  17  1:21  Drone  
  17  1:25  Drone  
  18  1:32  Drone  
  19  1:44  Drone  
  20  1:51  Overlord  
  20  2:09  Queen x2  
  20  2:10  Zergling x2  
  20  2:11  Zergling x2  
  20  2:13  Drone  
  27  2:20  Drone  
  28  2:25  Metabolic Boost  
  28  2:28  Drone  
  29  2:31  Drone  
  29  2:34  Drone  
  31  2:44  Drone  
  31  2:45  Drone, Queen  
  35  2:52  Drone  
  35  2:59  Zergling x2  
  36  3:10  Overlord  
  36  3:12  Hatchery  
  34  3:33  Drone x2  
  36  3:34  Drone x4  
  36  3:37  Drone x2  
  36  3:38  Evolution Chamber  
  36  3:39  Roach Warren  
  36  3:40  Extractor  
  38  3:45  Overlord  
  38  3:46  Drone x2  
  40  4:05  Drone  
  40  4:06  Drone  
  40  4:09  Drone x6  
  48  4:11  Zerg Missile Weapons Level 1  
  48  4:15  Overlord  
  48  4:24  Queen  
  48  4:26  Roach x4  
  48  4:30  Lair  
  58  4:38  Overlord  
  58  4:40  Drone x2, Extractor  
  58  4:41  Drone x2  
  61  4:47  Zergling x2  
  61  4:48  Zergling x8  
  62  5:01  Spine Crawler  
  58  5:08  Drone x3, Spine Crawler  
  58  5:15  Drone x7  
  65  5:25  Extractor  
  64  5:28  Overlord x2  
  64  5:32  Drone  
  64  5:33  Drone, Hydralisk Den  
  65  5:48  Drone x3  
  68  5:51  Drone x2  
  68  5:54  Glial Reconstitution  
  68  5:55  Roach  
  68  5:56  Roach x4  
  80  6:16  Overlord x2  
  76  6:36  Spine Crawler, Hydralisk x11  
  76  6:38  Spore Crawler  
  76  6:39  Overlord x2  
  96  6:55  Zergling x4  
  98  7:05  Hatchery  
Tags
 
Add a new tag
Caveats
  • Supply blocks, unpowered buildings, or Contaminate may cause inaccurate times.
  • Supply counts are checked every 10 seconds.